 Dungeon Crawl Stone Soup version 0.15-a0-1646-g393eda0 (webtiles) character file.

136 Nikss the Firebug (level 4, 0/30 HPs)
             Began as a Demonspawn Fire Elementalist on June 22, 2014.
             Slain by an orc priest
             ... wielding a +0 whip
              (4 damage)
             ... on Level 4 of the Dungeon.
             The game lasted 00:49:28 (5127 turns).

Nikss the Firebug (Demonspawn Fire Elementalist)    Turns: 5127, Time: 00:49:28

HP   0/30        AC  2     Str  9      XL: 4   Next: 98%
MP   2/8         EV 12     Int 22      God:
Gold 78          SH  0     Dex 13      Spells:  1 memorised,  7 levels left

rFire  . . .     SeeInvis .     C - +1 great sword
rCold  . . .     Clarity  .     a - +0 robe
rNeg   . . .     rCorr    .     (no shield)
rPois  .         rRot     +     (no helmet)
rElec  .         Spirit   .     (no cloak)
SustAb .         Warding  .     (no gloves)
rMut   .         Stasis   .     (no boots)
Gourm  .                        (no amulet)
MR     .....                    (no ring)
                                (no ring)

@: brilliant, drained, not resistant to hostile enchantments, unstealthy
A: hooves 1, rot immunity
a: no special abilities


You were on level 4 of the Dungeon.
You were very hungry.

You visited 1 branch of the dungeon, and saw 4 of its levels.

You collected 78 gold pieces.

Inventory:

Hand weapons
 e - a +0 club
 f - a +0 club
 g - a +0 whip
 h - a +0 club
 i - a +0 whip
 j - a +0 club
 m - a +2 dagger
 o - a +0 club
 p - a +0 club
 q - a +0 dagger
 u - a +0 club
 w - a cursed -3 dagger
 x - a +0 sling
 y - a +0 club
 A - a +0 club
 B - a cursed +0 hand axe
 C - a +1 great sword (weapon)
 D - a +0 whip
 E - a +0 dagger
 F - a +0 club
 G - a +0 short sword
 I - a +0 dagger
 J - a +0 dagger
 K - a +0 whip of draining
 M - a +0 club
 P - a +0 club
 R - a +0 whip
 S - a +0 hand axe
 U - a +2 short sword
 V - a +0 sling
Missiles
 d - 11 bolts
 n - 65 poisoned needles
 s - 18 exploding sling bullets
 z - 75 stones (quivered)
 W - 23 arrows
Armour
 a - a +0 robe (worn)
 l - a +0 ring mail
 t - a +0 robe
 N - a +0 leather armour
 Q - a +2 plate armour
 T - a +0 leather armour
Comestibles
 c - 4 bread rations
 O - a meat ration
Scrolls
 k - 4 scrolls of blinking
 H - a scroll of fog
Jewellery
 r - an uncursed ring of teleportation
Potions
 v - 2 potions of haste
 L - a potion of curing
Books
 b - a book of Flames

   Spells                             Type                      Level
   *Flame Tongue                      Conjuration/Fire             1
   Throw Flame                        Conjuration/Fire             2
   Conjure Flame                      Conjuration/Fire             3
   Inner Flame                        Hexes/Fire                   3
   Sticky Flame                       Conjuration/Fire             4
   Fireball                           Conjuration/Fire             5


   Skills:
 + Level 0.1(0.0) Maces & Flails
 + Level 2.2(2.1) Dodging
 + Level 2.2(2.1) Stealth
 + Level 2.7(2.6) Spellcasting
 + Level 2.2(2.1) Conjurations
 + Level 3.7(3.6) Fire Magic


You had 7 spell levels left.
You knew the following spells:

 Your Spells              Type           Power        Failure   Level  Hunger
a - Flame Tongue          Conj/Fire      ####.        1%          1    None


Dungeon Overview and Level Annotations

Branches:
Dungeon (4/15)
 Temple: D:4-7

Altars:
Cheibriados
Elyvilon


Innate Abilities, Weirdness & Mutations

You have large cloven feet.
You are immune to rotting.


Message History

Casting: Flame Tongue
Confirm with . or Enter, or press ? or * to list all spells.
Aiming: Flame Tongue
Press: ? - help, Shift-Dir - straight line, f/p - orc priest
Aim: an orc priest, wielding a whip (severely wounded)
The flame tongue hits the orc priest.
The orc priest is severely wounded.
The orc priest invokes the aid of Beogh against you.
Something smites you!
Ouch! That really hurt!
* * * LOW HITPOINT WARNING * * *
Casting: Flame Tongue
Confirm with . or Enter, or press ? or * to list all spells.
Aiming: Flame Tongue
Press: ? - help, Shift-Dir - straight line, f/p - orc priest
Aim: an orc priest, wielding a whip (severely wounded)
The flame tongue hits the orc priest.
The orc priest is almost dead.
The orc priest hits you with a whip.
You die...

# #.# #..# #. #.#####..#
#. #<.......##
#.######.#.......#
###........#.......#####
......######..)..........
#####..# #.............
##.## #####o......(. #..#
#@######## ##.## #.# #..#
#.# ##.# #.# #.# #.# #.#
#.# #.## #.# #..#### #.#
##....# #.#


You could see an orc priest.

Vanquished Creatures
  3 adders (D:2)
  An inept feature mimic (D:2)
  4 worms
  4 giant geckos
  2 orcs
  10 hobgoblins
  6 jackals
  3 quokkas
  6 bats
  5 giant newts
  12 goblins
  12 kobolds
  9 rats
  4 plants (D:2)
81 creatures vanquished.

Notes
Turn   | Place    | Note
--------------------------------------------------------------
     0 | D:1      | Nikss, the Demonspawn Fire Elementalist, began the quest for the Orb.
     0 | D:1      | Reached XP level 1. HP: 13/13 MP: 3/3
    92 | D:1      | Found a snail-covered altar of Cheibriados.
   120 | D:1      | Reached skill level 3 in Fire Magic
   313 | D:1      | Gained mutation: You are immune to rotting. [demonic ancestry]
   313 | D:1      | Reached XP level 2. HP: 14/19 MP: 0/4
  1462 | D:1      | Reached XP level 3. HP: 24/24 MP: 0/6
  2190 | D:2      | Gained mutation: You have large cloven feet. [demonic ancestry]
  2190 | D:2      | Reached XP level 4. HP: 27/30 MP: 2/8
  2305 | D:2      | Found a white marble altar of Elyvilon.
  5127 | D:4      | Slain by an orc priest

Action                   |  1- 3 |  4- 6 || total
-------------------------+-------+-------++-------
Melee: Club              |    24 |   167 ||   191
       Unarmed           |     1 |       ||     1
       Great sword       |       |    11 ||    11
 Cast: Flame Tongue      |    67 |    85 ||   152
  Use: Scroll            |     5 |     5 ||    10
       Potion            |     2 |     2 ||     4
